 Dungeon Crawl Stone Soup version 0.28-a0-909-g796cbd3a86 (webtiles) character file.

Game seed: 14371560805435825362

175 Peloso the Skirmisher (level 5, -7/47 HPs)
             Began as a Minotaur Fighter on Nov 24, 2021.
             Killed by divine providence
             ... invoked by an orc priest
              (15 damage)
             ... on level 3 of the Dungeon.
             The game lasted 00:04:05 (1771 turns).

Peloso the Skirmisher (Minotaur Fighter)            Turns: 1771, Time: 00:04:06

Health: -7/47      AC:  8    Str: 21    XL:     5   Next: 29%
Magic:  4/4        EV:  9    Int:  5    God:
Gold:   125        SH:  4    Dex: 10    Spells: 4/4 levels left

rFire   . . .      SeeInvis .   a - +0 long sword
rCold   . . .      Faith    .   c - +0 buckler
rNeg    . . .      Spirit   .   b - +1 scale mail
rPois   .          Reflect  .   (helmet restricted)
rElec   .          Harm     .   (no cloak)
rCorr   +          Rampage  .   (no gloves)
Will    .....                   (no boots)
Stlth   ..........              (no amulet)
HPRegen 0.15/turn               i - ring of resist corrosion
MPRegen 0.09/turn               (no ring)

@: no status effects
A: horns 2, retaliatory headbutt
a: no special abilities


You were on level 3 of the Dungeon.
You visited 1 branch of the dungeon, and saw 3 of its levels.

You collected 125 gold pieces.

Inventory:

Hand Weapons
 a - a +0 long sword (weapon)
Armour
 b - a +1 scale mail (worn)
 c - a +0 buckler (worn)
Jewellery
 i - a ring of resist corrosion (left hand)
Wands
 h - a wand of polymorph (8)
Scrolls
 e - 3 scrolls of teleportation
 f - a scroll of brand weapon {unknown}
 n - a scroll of identify
 o - a scroll of fear {unknown}
 q - a scroll of magic mapping
 r - a scroll of holy word {unknown}
 s - a scroll of torment {unknown}
Potions
 d - a potion of might
 g - a potion of flight {unknown}
 j - a potion of degeneration {unknown}
 k - a potion of mutation {unknown}
 l - a potion of brilliance
 m - a potion of curing {unknown}
 p - a potion of lignification {unknown}


   Skills:
 + Level 4.6 Fighting
 + Level 4.6 Long Blades
 + Level 4.6 Armour
 + Level 0.2 Dodging
 + Level 4.4 Shields


You had 4 spell levels left.
You didn't know any spells.
Your spell library contained the following spells:

 Spells                   Type           Power      Damage    Failure   Level
 Apportation              Tloc           0%         N/A       80%         1
 Alistair's Intoxication  Tmut/Pois      0%         N/A       100%        5


Dungeon Overview and Level Annotations

Branches:
Dungeon (3/15)

Altars:
Yredelemnul


Innate Abilities, Weirdness & Mutations

You have a pair of horns on your head.
You reflexively headbutt those who attack you in melee.


Message History

a +0 mace; a +0 leather armour; an orc corpse Unknown command.
You barely miss the orc priest. You headbutt the orc priest.
The orc priest is severely wounded.
The orc priest barely misses you.
You hit the orc priest.
The orc priest is almost dead.
The orc priest hits you with a +2 vorpal mace.
You barely miss the orc priest.
You headbutt the orc priest, but do no damage.
The orc priest is almost dead.
The orc priest casts a cantrip, but nothing happens.
You closely miss the orc priest.
The orc priest is almost dead.
The orc priest hits you but does no damage.
You barely miss the orc priest.
You headbutt the orc priest, but do no damage.
The orc priest is almost dead.
The orc priest calls down the wrath of Beogh upon you.
You barely resist.
A goblin comes into view. It is wielding a +0 dagger.
The goblin shouts!
You hit the orc priest but do no damage.
The orc priest is almost dead.
The orc priest hits you with a +2 vorpal mace.
The orc priest mumbles some strange prayers to Beogh against you.
Beogh smites you!
* * * LOW HITPOINT WARNING * * *
You hit the orc priest but do no damage.
Your headbutt misses the orc priest.
The orc priest is almost dead.
The orc priest mumbles some strange prayers to Beogh against you.
Pain shoots through your body!
* * * LOW HITPOINT WARNING * * *
Unknown command.
You hit the orc priest but do no damage.
The orc priest is almost dead.
The orc priest invokes the aid of Beogh against you.
Beogh smites you!
You die...

# .. # ...###
#.##### ...g..#
##...... .....
#....... #..###
#........ #..@$#
#.......( #.##o#
#........ # #)#
#........ #.###
#........ #...#
###.......
###.####.........
#......#####...
#..........#...
#..............


You could see an orc priest and a goblin.

Vanquished Creatures
  A gnoll shaman (D:2)
  Ijyb (D:2)
  4 gnolls (D:2)
  A worm (D:2)
  A dart slug (D:1)
  3 orcs (D:3)
  7 endoplasms
  A giant cockroach (D:3)
  13 goblins
  5 hobgoblins
  3 jackals (D:1)
  6 kobolds
  2 quokkas
  9 ball pythons
  3 bats
  2 frilled lizards (D:2)
  3 rats (D:1)
65 creatures vanquished.

Notes
Turn   | Place    | Note
-------+----------+-------------------------------------------
     0 | D:1      | Peloso the Minotaur Fighter began the quest for the Orb.
     0 | D:1      | Reached XP level 1. HP: 19/19 MP: 0/0
   209 | D:1      | Reached XP level 2. HP: 27/27 MP: 1/1
   584 | D:1      | Reached XP level 3. HP: 32/33 MP: 2/2
   803 | D:2      | Reached XP level 4. HP: 34/40 MP: 3/3
  1010 | D:2      | Found a basalt altar of Yredelemnul.
  1056 | D:2      | Noticed Ijyb
  1133 | D:2      | Killed Ijyb
  1134 | D:2      | Reached XP level 5. HP: 39/47 MP: 4/4
  1771 | D:3      | Killed from afar by an orc priest

Illustrated notes

Levels and vault maps discovered:
D:1:      tarquinn_simple_flora_water_a, layout_basic, kennysheep_crisscross
D:2:      kennysheep_the_goblin_king, layout_rooms, basic_altar,
          minmay_heptomino_o4
D:3:      layout_rooms, minmay_misc_feat_plants, grunt_ministairs_10, uniq_ijyb

Skill      XL: |  1  2  3  4 |
---------------+-------------+-----
Fighting       | 4 |  4.6
Armour         | 4 |  4.6
Long Blades    | 3 4 |  4.6
Shields        | 4 |  4.4
Dodging        | |  0.2

Action                   |  1- 3 |  4- 6 || total
-------------------------+-------+-------++-------
Melee: Long sword        |    43 |    81 ||   124
       Headbutt          |     8 |    12 ||    20
       Unarmed           |       |     7 ||     7
  Use: Scroll            |     5 |       ||     5
Armor: Scale mail        |    14 |    48 ||    62
Dodge: Dodged            |    12 |    51 ||    63
Block: Buckler           |     8 |    17 ||    25

Table legend: (Time is in decaauts)
 A = Elapsed time spent in this place.
 B = Non-inter-level travel time spent in this place.
 C = Inter-level travel time spent in this place.
 D = Time resting spent in this place.
 E = Time spent auto-exploring this place.
 F = Levels seen in this place.
 G = Mean time per level.
                   A        B        C        D        E       F      G
               +--------+--------+--------+--------+--------+-----+--------+
         Total |   1779 |   1743 |     36 |      0 |   1254 |   3 |  593.0 |
       Dungeon |   1779 |   1743 |     36 |      0 |   1254 |   3 |  593.0 |
               +--------+--------+--------+--------+--------+-----+--------+

Top non-repeatable levels by time:
     D:2: 777 daAuts
     D:1: 663 daAuts
     D:3: 339 daAuts
